 Dungeon Crawl Stone Soup version 0.25.1-2-g60ff931 (webtiles) character file.

Game seed: 10980864397469830541

48 Diggabert the Shield-Bearer (level 3, 0/33 HPs)
             Began as a Minotaur Fighter on Sept 7, 2020.
             Slain by a goblin (1 damage)
             ... led by Robin
             ... on level 2 of the Dungeon.
             The game lasted 00:03:00 (1070 turns).

Diggabert the Shield-Bearer (Minotaur Fighter)      Turns: 1070, Time: 00:03:01

Health: 0/33       AC:  7    Str: 21    XL:     3   Next: 50%
Magic:  2/2        EV:  8    Int:  5    God:
Gold:   62         SH:  9    Dex:  9    Spells: 2/2 levels left

rFire    . . .     SeeInvis .   a - +0 flail
rCold    . . .     Gourm    .   c - +0 kite shield
rNeg     . . .     Faith    .   b - +0 scale mail
rPois    .         Spirit   .   (helmet restricted)
rElec    .         Reflect  .   i - scarf {+Inv}
rCorr    .         Harm     .   (no gloves)
MR       .....                  (no boots)
Stlth    ..........             (no amulet)
HPRegen  0.11/turn              (no ring)
MPRegen  0.08/turn              (no ring)

@: no status effects
A: retaliatory headbutt, horns 2
a: Evoke Invisibility


You were on level 2 of the Dungeon.
You were not hungry.

You visited 1 branch of the dungeon, and saw 2 of its levels.

You collected 62 gold pieces.

Inventory:

Hand Weapons
 a - a +0 flail (weapon)
Armour
 b - a +0 scale mail (worn)
 c - a +0 kite shield (worn)
 i - a scarf of invisibility (worn)
Scrolls
 e - 2 scrolls of identify {unknown}
 h - a scroll of enchant armour {unknown}
 j - a scroll of amnesia {unknown}
Potions
 d - a potion of might
 g - a potion of flight {unknown}
Comestibles
 f - 2 rations


   Skills:
 * Level 4.1 Fighting
 * Level 2.9 Maces & Flails
 * Level 4.1 Armour
 * Level 1.0 Dodging
 * Level 4.2 Shields


You had 2 spell levels left.
You didn't know any spells.
Your spell library was empty.

Dungeon Overview and Level Annotations

Branches:
Dungeon (2/15)

Altars:
Zin

Annotations:
D:2 Robin


Innate Abilities, Weirdness & Mutations

You reflexively headbutt those who attack you in melee.
You have a pair of horns on your head.


Message History

* * * LOW HITPOINT WARNING * * *
You block the goblin's attack. The goblin hits you.
* * * LOW HITPOINT WARNING * * *
You block the goblin's attack.
You miss the goblin. Your headbutt misses the goblin.
You block the goblin's attack. The goblin hits you with a +0 dagger.
* * * LOW HITPOINT WARNING * * *
You block the goblin's attack. x2; The goblin hits you with a +0 club.
* * * LOW HITPOINT WARNING * * *
The goblin hits you but does no damage.
You hit the goblin. You headbutt the goblin.
You kill the goblin!
The goblin completely misses you. Robin throws the goblin at you!
* * * LOW HITPOINT WARNING * * *
The goblin hits you.
* * * LOW HITPOINT WARNING * * *
You block the goblin's attack. The goblin closely misses you.
You furiously retaliate!
You headbutt the goblin. You block the goblin's attack. The goblin hits you.
You die...

###..##.##.
...#...#....
#..A#.......
#...#......##
#####.......#
.._......g..#####
........ggg......
........g@ggg....
........g##g.....
.......?.## .=...
.?.(......# ....
..........### ###
............###########
..........#....#......#
..........####........#
#........## ##..)...<#


You could see an angel (confused), Robin, 2 hobgoblins and 7 goblins.

Vanquished Creatures
  2 oozes (D:1)
  A worm (D:2)
  2 dart slugs (D:1)
  A bat (D:1)
  2 giant cockroaches (D:1)
  3 jackals (D:1)
  A frilled lizard (D:1)
  10 goblins
  5 kobolds (D:1)
  3 rats (D:1)
30 creatures vanquished.

Notes
Turn   | Place    | Note
-------+----------+-------------------------------------------
     0 | D:1      | Diggabert the Minotaur Fighter began the quest for the Orb.
     0 | D:1      | Reached XP level 1. HP: 19/19 MP: 0/0
   177 | D:1      | Reached XP level 2. HP: 27/27 MP: 1/1
   471 | D:1      | Reached XP level 3. HP: 21/33 MP: 2/2
   848 | D:1      | Reached skill level 1 in Dodging
  1056 | D:2      | Found a glowing silver altar of Zin.
  1058 | D:2      | Noticed an angel
  1064 | D:2      | Noticed Robin
  1070 | D:2      | HP: 1/33 [goblin[Robin] (1)]
  1070 | D:2      | Slain by a goblin

Illustrated notes

Levels and vault maps discovered:
D:1:      kilobyte_arrival_exit_the_forest, layout_basic, hangedman_glass_teeth
D:2:      layout_rooms, grunt_temple_overflow_order_and_chaos_1, st_stairs_12,
          uniq_robin

Skill      XL: |  1  2  3 |
---------------+----------+-----
Fighting       | 4 |  4.1
Armour         | 4 |  4.1
Shields        | 4 |  4.2
Dodging        | 1 |  1.0
Maces & Flails | |  2.9

Action                   || total
-------------------------++-------
Melee: Flail             ||    81
       Headbutt          ||    12
  Eat: Chunk             ||     1
Armor: Scale mail        ||    30
Dodge: Dodged            ||    22
Block: Kite shield       ||    59
